 Dungeon Crawl Stone Soup version 0.30-a0-696-g2367cd04db (webtiles) character file.

Game seed: 1674152982541335512

18532 experimilk the Placeless Draconian (level 12, -2/81 HPs)
             Began as a Grey Draconian Conjurer on Jan 20, 2023.
             Was an Elder of Vehumet.
             Killed from afar by an ice statue (29 damage)
             ... with a shard of ice
             ... in an ice cave.
             The game lasted 00:42:57 (15394 turns).

experimilk the Placeless Draconian (DrCj)          Turns: 15394, Time: 00:42:58

Health: -2/81      AC: 17    Str: 16    XL:     12   Next: 28%
Magic:  5/24       EV: 12    Int: 22    God:    Vehumet [****..]
Gold:   657        SH:  0    Dex: 11    Spells: 5/27 levels left

rFire   . . .      SeeInvis .    D - +2 trident (venom)
rCold   . . .      Faith    .    (no shield)
rNeg    . . .      Spirit   .    (body armour unavailable)
rPois   .          Reflect  .    Q - +2 hat {Stlth+}
rElec   .          Harm     .    I - +0 cloak
rCorr   .          Rampage  .    (no gloves)
Will    .....                    y - +0 pair of boots
Stlth   +++                      k - amulet of magic regeneration
HPRegen 0.33/turn                x - +6 ring of strength
MPRegen 0.59/turn                (no ring)

@: slowed, very slow
A: AC +13, amphibious, unfitting armour, cold-blooded
a: Renounce Religion


You were in an ice cave.
You worshipped Vehumet.
Vehumet was greatly pleased with you.
You visited 2 branches of the dungeon, and saw 13 of its levels.
You also visited: Bailey, Gauntlet and Ice Cave.

You collected 777 gold pieces.
You spent 120 gold pieces at shops.

Inventory:

Hand Weapons
 f - a +2 whip of freezing
 D - a +2 trident of venom (weapon)
Missiles
 K - 3 throwing nets
Armour
 y - a +0 pair of boots (worn)
 I - a +0 cloak (worn)
 Q - a +2 hat of stealth (worn)
Jewellery
 k - an amulet of magic regeneration (around neck)
 x - a +6 ring of strength (left hand)
 O - an amulet of regeneration
Wands
 e - a wand of mindburst (21)
 v - a wand of quicksilver (3)
 B - a wand of iceblast (14)
 J - a wand of charming (10)
 N - a wand of flame (7)
Scrolls
 j - 5 scrolls of enchant weapon
 m - a scroll of torment {unknown}
 o - a scroll of fog {unknown}
 p - 3 scrolls of immolation
 q - 3 scrolls of silence
 w - 4 scrolls of teleportation
 A - 2 scrolls of enchant armour
 C - a scroll of poison {unknown}
 G - 3 scrolls of fear
 L - a scroll of blinking {unknown}
 M - 2 scrolls of vulnerability {unknown}
Potions
 a - 3 potions of magic
 c - a potion of resistance
 d - 4 potions of attraction
 g - a potion of heal wounds
 h - 2 potions of brilliance {unknown}
 i - 2 potions of curing
 n - a potion of haste {unknown}
 r - a potion of invisibility {unknown}
 s - 6 potions of flight
 t - a potion of mutation {unknown}
 u - a potion of lignification {unknown}
 z - 3 potions of ambrosia
 H - a potion of might {unknown}
Miscellaneous
 b - a box of beasts (inert)
 E - a tin of tremorstones (inert)
 F - a phial of floods (inert)


   Skills:
 - Level 1.7 Dodging
 - Level 1.7 Stealth
 + Level 8.4 Spellcasting
 * Level 12.9 Conjurations
 * Level 12.9 Translocations
 * Level 4.3 Evocations


You had 5 spell levels left.
You knew the following spells:

 Your Spells              Type           Power      Damage    Failure   Level
a - Searing Ray           Conj           100%       2d8       1%          2
c - Iskenderun's Battles  Conj           60%        2d11      1%          5
p - Magic Dart            Conj           100%       1d8       1%          1
q - Blink                 Tloc           100%       N/A       1%          2
t - Teleport Other        Tloc           61%        N/A       1%          3
v - Momentum Strike       Conj/Tloc      100%       3d10      1%          2
x - Iskenderun's Mystic   Conj/Tloc      60%        2d13      1%          4
z - Stone Arrow           Conj/Erth      74%        3d11      1%          3

Your spell library contained the following spells:

 Spells                   Type           Power      Damage    Failure   Level
 Lesser Beckoning         Tloc           100%       N/A       1%          2
 Dazzling Flash           Conj/Hex       74%        N/A       1%          3
 Gell's Gravitas          Tloc           61%        N/A       1%          3
 Kindle Blastsparks       Fire/Tloc/Air  56%        2d14      1%          3
 Fulminant Prism          Conj/Hex       18%        3d10      1%          4
 Manifold Assault         Tloc           61%        N/A       1%          4
 Fireball                 Conj/Fire      18%        3d9       4%          5
 Frozen Ramparts          Ice            18%        1d3       6%          3
 Ignite Poison            Fire/Tmut/Pois 9%         N/A       6%          3
 Slow                     Hex            36%        N/A       7%          1
 Freezing Cloud           Conj/Ice/Air   14%        6-21      9%          5
 Confusing Touch          Hex            9%         N/A       22%         3
 Vampiric Draining        Necr           9%         2d6       22%         3
 Ice Form                 Ice/Tmut       9%         N/A       56%         4
 Summon Ice Beast         Ice/Summ       9%         N/A       56%         4
 Dispersal                Tloc           30%        N/A       5%          6
 Orb of Destruction       Conj           30%        9d10      8%          7
 Conjure Ball Lightning   Conj/Air       18%        3x3d6     19%         6
 Iron Shot                Conj/Erth      18%        9d4       19%         6
 Spellforged Servitor     Conj/Summ      18%        N/A       67%         7
 Storm Form               Tmut/Air       4%         N/A       100%        7


Dungeon Overview and Level Annotations

Branches:
Dungeon (12/15)            Temple (0/1) D:7            Lair (1/5) D:9
 Bailey (visited)           IceCv (1/1)             Gauntlet (visited)
    Orc: D:9-12

Altars:
Ashenzari
Cheibriados
Dithmenos
Makhleb
Okawaru
Qazlal
Trog
Uskayaw
Vehumet
Yredelemnul
The Shining One

Shops:
D:1 !   D:9 ?

Annotations:
IceCv exclusion: ice statue


Innate Abilities, Weirdness & Mutations

Your dull iron-grey scales are very hard. (AC +13)
You are amphibious.
You cannot fit into any form of body armour.
You are cold-blooded and may be slowed by cold attacks.


Message History

Confirm with . or Enter, or press ? or * to list all spells.
Aiming: Stone Arrow (safe; 1% risk of failure)
Press: ? - help, Shift-Dir - straight line, f/p - ice statue
Aim: an ice statue (moderately damaged, 100% to hit)
The stone arrow hits the ice statue!
The ice statue is moderately damaged.
Your battlesphere fires!
The barrage of energy hits the ice statue.
The ice statue is heavily damaged.
The ice statue gestures at you. The freezing blast engulfs you!!
Casting: Stone Arrow (safe; 1% risk of failure)
Confirm with . or Enter, or press ? or * to list all spells.
Aiming: Stone Arrow (safe; 1% risk of failure)
Press: ? - help, Shift-Dir - straight line, f/p - ice statue
Aim: an ice statue (heavily damaged, ally target, 100% to hit)
The stone arrow hits the ice statue!
The ice statue is heavily damaged.
You are engulfed in freezing vapours.
Your battlesphere fires!
The barrage of energy hits the ice statue!
The ice statue is severely damaged.
Your battlesphere is engulfed in freezing vapours. x2
The ice statue gestures at you. The bolt of cold misses you.
Casting: Stone Arrow (safe; 1% risk of failure)
Confirm with . or Enter, or press ? or * to list all spells.
Aiming: Stone Arrow (safe; 1% risk of failure)
Press: ? - help, Shift-Dir - straight line, f/p - ice statue
Aim: an ice statue (severely damaged, ally target, 100% to hit)
The stone arrow hits the ice statue!
The ice statue is severely damaged.
You are engulfed in freezing vapours.
You feel yourself slow down.
Your battlesphere fires!
The barrage of energy hits the ice statue but does no damage.
The ice statue is severely damaged.
Your battlesphere is engulfed in freezing vapours. x2
The ice statue gestures at you. The shard of ice hits you!!
You die...

#.†....##
#..##...## #.
#...##...### .###
##†.####...####...
#...####...##.8.
#....# #..##.§.#
#∩..####..# #§§#
##..∩##.°####§*#
#####.....#°@#
##.#.§☼○##
########


You could see an ice statue (ally target) and a friendly battlesphere.

Vanquished Creatures
  Gastronok (D:11)
  Harold (D:9)
  Erica (D:11)
  2 two-headed ogres
  Urug (D:11)
  An ugly thing (D:12)
  A cyclops (D:11)
  A centaur skeleton (D:10)
  4 gargoyles
  2 unseen horrors
  A kobold demonologist (D:9)
  An unseen horror skeleton (D:10)
  A polar bear (IceCv)
  2 trolls
  2 hornets (D:7)
  A meliai zombie (D:10)
  5 dream sheep (D:10)
  7 flying skulls (Gauntlet)
  A wraith (D:11)
  2 shadows (D:10)
  16 yaks
  A wyvern (D:11)
  A steam dragon (D:5)
  An acid dragon (D:10)
  A meliai simulacrum (D:10)
  A black bear (D:3)
  9 orc warriors (Bailey)
  3 sky beasts
  2 ice beasts
  3 ogres
  4 centaurs
  A wolf (IceCv)
  2 kobold brigands
  4 bullfrogs
  A scorpion (D:5)
  2 wights (D:9)
  16 killer bees
  7 howler monkeys
  A centaur zombie (D:10)
  A jelly (D:7)
  3 hounds
  3 orc priests
  6 iguanas
  4 orc wizards
  4 small abominations (Gauntlet)
  A mummy (D:6)
  8 adders
  14 white imps
  2 ufetubi
  3 worms
  28 orcs
  4 ball pythons
  8 endoplasms
  5 giant cockroaches
  15 goblins
  10 hobgoblins
  5 jackals (D:2)
  5 quokkas
  6 bats
  15 frilled lizards
  24 kobolds
  2 rats
290 creatures vanquished.

Vanquished Creatures (collateral kills)
  An orc wizard (D:11)
  2 orcs (D:11)
3 creatures vanquished.

Vanquished Creatures (others)
  A wight (D:9)
  7 plants (D:6)
  4 withered plants (Gauntlet)
12 creatures vanquished.

Grand Total: 305 creatures vanquished

Notes
Turn   | Place    | Note
-------+----------+-------------------------------------------
     0 | D:1      | experimilk the Draconian Conjurer began the quest for the
                  | Orb.
     0 | D:1      | Reached XP level 1. HP: 14/14 MP: 3/3
     1 | D:1      | Noticed an electric eel
   414 | D:1      | Reached XP level 2. HP: 20/20 MP: 0/5
   465 | D:1      | Learned a level 2 spell: Searing Ray
   767 | D:1      | Found Rogounon's Distillery.
  1068 | D:1      | Reached XP level 3. HP: 26/26 MP: 4/6
  1322 | D:2      | Learned a level 2 spell: Momentum Strike
  2367 | D:2      | Reached skill level 1 in Translocations
  2537 | D:2      | Reached skill level 5 in Conjurations
  2537 | D:2      | Reached XP level 4. HP: 33/33 MP: 2/8
  3721 | D:3      | Noticed a black bear
  3730 | D:3      | Killed a black bear
  3731 | D:3      | Reached XP level 5. HP: 29/38 MP: 1/9
  4143 | D:4      | Noticed an ogre
  4148 | D:4      | Killed an ogre
  4149 | D:4      | Reached XP level 6. HP: 45/45 MP: 3/10
  4287 | D:4      | Reached skill level 5 in Translocations
  4292 | D:4      | Learned a level 4 spell: Iskenderun's Mystic Blast
  4644 | D:4      | Your scales start taking on a dull iron-grey colour.
  4644 | D:4      | Reached XP level 7. HP: 50/50 MP: 7/11
  4763 | D:5      | Entered Level 5 of the Dungeon
  5599 | D:5      | Found a stormy altar of Qazlal.
  5599 | D:5      | Found a radiant altar of Vehumet.
  5604 | D:5      | Became a worshipper of Vehumet
  5706 | D:5      | Noticed a steam dragon
  5712 | D:5      | Killed a steam dragon
  5838 | D:5      | Found a shadowy altar of Dithmenos.
  6277 | D:6      | Found a snail-covered altar of Cheibriados.
  6388 | D:6      | Reached XP level 8. HP: 57/57 MP: 7/14
  6905 | D:6      | Learned a level 2 spell: Blink
  6917 | D:6      | Reached * piety under Vehumet
  6917 | D:6      | Offered knowledge of Kiss of Death by Vehumet.
  7209 | D:7      | Found a glowing golden altar of the Shining One.
  7226 | D:7      | Noticed a hornet
  7234 | D:7      | Killed a hornet
  7342 | D:7      | Noticed a hornet
  7348 | D:7      | Killed a hornet
  7349 | D:7      | Reached skill level 5 in Spellcasting
  7349 | D:7      | Reached XP level 9. HP: 55/62 MP: 10/16
  7404 | D:7      | Found a hide-covered altar of Uskayaw.
  7740 | D:7      | Found a basalt altar of Yredelemnul.
  7744 | D:7      | Found an iron altar of Okawaru.
  7791 | D:7      | Found a staircase to the Ecumenical Temple.
  7918 | D:7      | Learned a level 3 spell: Teleport Other
  8758 | D:8      | Noticed a two-headed ogre
  8854 | D:8      | Killed a two-headed ogre
  9187 | D:9      | Found a burning altar of Makhleb.
  9321 | D:9      | Reached XP level 10. HP: 69/69 MP: 14/18
  9323 | D:9      | Reached ** piety under Vehumet
  9354 | D:9      | Offered knowledge of Static Discharge by Vehumet.
  9765 | D:9      | Reached skill level 10 in Conjurations
  9765 | D:9      | Reached skill level 10 in Translocations
  9897 | D:9      | Found a staircase to the Lair.
  9943 | D:9      | Noticed Harold
  9963 | D:9      | Killed Harold
 10098 | D:9      | Found a bloodstained altar of Trog.
 10169 | D:9      | Noticed a two-headed ogre
 10177 | D:9      | Killed a two-headed ogre
 10297 | D:9      | Found The Oracle's Delphic Readings.
 10302 | D:9      | Bought a scroll of noise for 15 gold pieces
 10302 | D:9      | Bought a scroll of teleportation for 45 gold pieces
 10302 | D:9      | Bought a scroll of identify for 30 gold pieces
 10302 | D:9      | Bought a scroll of identify for 30 gold pieces
 10566 | D:10     | Entered Level 10 of the Dungeon
 10629 | D:10     | Found a flagged portal.
 10640 | Bailey   | Entered a bailey
 10920 | Bailey   | Learned a level 5 spell: Iskenderun's Battlesphere
 10959 | Bailey   | Offered knowledge of Inner Flame by Vehumet.
 11357 | D:10     | Found a broken altar of Ashenzari.
 11411 | D:10     | Reached XP level 11. HP: 74/74 MP: 17/21
 11443 | D:10     | Reached *** piety under Vehumet
 11474 | D:10     | Found the +5 robe of Night {Dark Will+ SInv}
 12604 | D:11     | Found a gate leading to a gauntlet.
 12613 | Gauntlet | Entered a Gauntlet
 12613 | Gauntlet | Found a transporter.
 12645 | Gauntlet | Found a transporter.
 12649 | Gauntlet | Found a transporter.
 12657 | Gauntlet | Found a transporter.
 12661 | Gauntlet | Found a transporter.
 12669 | Gauntlet | Found a transporter.
 12673 | Gauntlet | Found a transporter.
 12675 | Gauntlet | Noticed a great orb of eyes
 12676 | Gauntlet | a great orb of eyes changed into a radroach
 12676 | Gauntlet | Noticed a radroach (glowing shapeshifter)
 12677 | Gauntlet | a radroach changed into a satyr
 12677 | Gauntlet | Noticed a satyr (glowing shapeshifter)
 12681 | Gauntlet | Found a transporter.
 12682 | Gauntlet | a satyr changed into a wolf spider
 12682 | Gauntlet | Noticed a wolf spider (glowing shapeshifter)
 12684 | Gauntlet | a wolf spider changed into an eye of devastation
 12685 | Gauntlet | Found a transporter.
 12687 | Gauntlet | a torpor snail changed into a shining eye
 12687 | Gauntlet | Noticed a shining eye (glowing shapeshifter)
 12688 | Gauntlet | Noticed a fire crab
 12691 | Gauntlet | a floating eye changed into a steelbarb worm
 12691 | Gauntlet | Noticed a steelbarb worm (shapeshifter)
 12693 | Gauntlet | Found a transporter.
 12717 | Gauntlet | Found a transporter.
 12729 | Gauntlet | Found a transporter.
 12733 | Gauntlet | a slime creature changed into a radroach
 12733 | Gauntlet | Noticed a radroach (glowing shapeshifter)
 12734 | Gauntlet | a radroach changed into a slime creature
 12735 | Gauntlet | a slime creature changed into a radroach
 12735 | Gauntlet | Noticed a radroach (glowing shapeshifter)
 12740 | Gauntlet | a radroach changed into a fire dragon
 12740 | Gauntlet | Noticed a fire dragon (glowing shapeshifter)
 12741 | Gauntlet | Found a transporter.
 12753 | Gauntlet | Found a transporter.
 12821 | Gauntlet | Offered knowledge of Mephitic Cloud by Vehumet.
 13223 | Gauntlet | Noticed a harpy
 13223 | Gauntlet | Noticed a dire elephant
 13285 | Gauntlet | Identified the +1 shortbow of Prescription {flame, Str+3}
 13285 | Gauntlet | Noticed a minotaur
 13311 | Gauntlet | Noticed a mana viper
 13338 | Gauntlet | Identified the +1 mace of Puvoi {vamp, +Blink rC+++ rN++
                  | Str-4}
 13341 | Gauntlet | HP: 1/74 [minotaur/arrow (14)]
 13787 | D:11     | Noticed Urug
 13799 | D:11     | Killed Urug
 13800 | D:11     | Reached skill level 1 in Evocations
 13874 | D:11     | Noticed Erica
 13881 | D:11     | Killed Erica
 14294 | D:11     | Noticed Gastronok
 14314 | D:11     | Killed Gastronok
 14315 | D:11     | Reached XP level 12. HP: 73/81 MP: 11/24
 14553 | D:11     | Reached **** piety under Vehumet
 14577 | D:11     | Identified the +9 longbow "Jelly's Demise" {heavy, rN++
                  | rCorr Stlth-}
 14945 | D:12     | HP: 1/81 [skeletal warrior/+0 trident (13)]
 15226 | Lair:1   | Entered Level 1 of the Lair of Beasts
 15241 | Lair:1   | Found a frozen archway.
 15244 | Lair:1   | Offered knowledge of Stone Arrow by Vehumet.
 15255 | Lair:1   | Learned a level 3 spell: Stone Arrow
 15274 | IceCv    | Entered an ice cave
 15394 | IceCv    | Killed from afar by an ice statue

Illustrated notes

Levels and vault maps discovered:
D:1:      arrival_aquarium_a, layout_loops_ring, serial_shops,
          nicolae_square_shop, st_stairs_11, minmay_crystal_room,
          minmay_tetromino_t4
D:2:      layout_loops_corners, kennysheep_generic_room_4
D:3:      layout_loops_ring, minmay_hedge_maze
D:4:      layout_rooms, small_statue_alley_b
D:5:      layout_layer_cave, grunt_dithmenos_smoke,
          gammafunk_temple_overflow_statue
D:6:      layout_loops_ring, slow_altar_1, hangedman_glass_teeth,
          minmay_lizard_king
D:7:      layout_rooms, nicolae_uskayaw_murder_on_the_dancefloor,
          nicolae_overflow_hidden_temple, minmay_temple_entry_fiery
D:8:      layout_basic
D:9:      layout_basic, lemuel_tele_altar, general_overflow_altar,
          lair_entry_dummy, nicolae_nh_oracle_at_delphi, uniq_harold
D:10:     layout_basic, mainiacjoe_overflow_cross_hatched, enter_bailey_5,
          hangedman_weighted_door, hellmonk_guarded_unrand_night
D:11:     layout_rooms, gauntlet_entry_generic, kennysheep_generic_room_11,
          uniq_erica, uniq_urug, uniq_gastronok
D:12:     layout_irregular_city, orc_0_dummy
Lair:1:   layout_cave_pods, portal_ice_cave_entry_imps
IceCv:    ice_cave_caverns_03

Skill      XL: |  1  2  3  4  5  6  7  8  9 10 11 12 |
---------------+-------------------------------------+-----
Translocations | 1 4 5 6 8 9 11 12 | 12.9
Conjurations   | 5 6 8 9 11 12 | 12.9
Spellcasting   | 3 4 5 7 8 |  8.4
Evocations     | 3 4 |  4.3
Dodging        | |  1.7
Stealth        | |  1.7

Action                   |  1- 3 |  4- 6 |  7- 9 | 10-12 || total
-------------------------+-------+-------+-------+-------++-------
Melee: Short sword       |     6 |       |       |       ||     6
       Whip              |    13 |    10 |       |       ||    23
       Tailslap          |       |     2 |       |     2 ||     4
       Trident           |       |       |    11 |    17 ||    28
 Cast: Magic Dart        |    53 |    62 |    82 |   100 ||   297
       Searing Ray       |    15 |    14 |    38 |    53 ||   120
       Momentum Strike   |       |     6 |    49 |    23 ||    78
       Iskenderun's Myst |       |       |     7 |    62 ||    69
       Teleport Other    |       |       |     4 |     8 ||    12
       Iskenderun's Batt |       |       |       |    23 ||    23
       Stone Arrow       |       |       |       |    16 ||    16
Evoke: Wand              |       |       |     2 |     3 ||     5
       Tin of tremorston |       |       |       |     2 ||     2
       Box of beasts     |       |       |       |     1 ||     1
       Phial of floods   |       |       |       |     1 ||     1
  Use: Scroll            |       |     6 |       |    16 ||    22
       Potion            |       |       |       |    10 ||    10
Armor: Skin              |    10 |     5 |    29 |    83 ||   127
Dodge: Dodged            |    23 |     8 |    32 |    87 ||   150

Table legend: (Time is in decaauts)
 A = Elapsed time spent in this place.
 B = Non-inter-level travel time spent in this place.
 C = Inter-level travel time spent in this place.
 D = Time resting spent in this place.
 E = Time spent auto-exploring this place.
 F = Levels seen in this place.
 G = Mean time per level.
                   A        B        C        D        E       F      G
               +--------+--------+--------+--------+--------+-----+--------+
         Total |  15429 |  15165 |    264 |   3571 |   9491 |  16 |  964.3 |
       Dungeon |  13869 |  13605 |    264 |   2733 |   9351 |  12 | 1155.8 |
          Lair |     47 |     47 |      0 |      0 |     11 |   1 |   47.0 |
        Bailey |    662 |    662 |      0 |    367 |    105 |   1 |  662.0 |
      Ice Cave |    119 |    119 |      0 |     51 |     20 |   1 |  119.0 |
      Gauntlet |    730 |    730 |      0 |    420 |      4 |   1 |  730.0 |
               +--------+--------+--------+--------+--------+-----+--------+

Top non-repeatable levels by time:
    D:11: 1575 daAuts
    D:10: 1568 daAuts
     D:9: 1546 daAuts
     D:5: 1504 daAuts
     D:2: 1497 daAuts
     D:3: 1324 daAuts
     D:1: 1315 daAuts
     D:8: 1077 daAuts
     D:6: 928 daAuts
     D:7: 762 daAuts
Gauntlet: 730 daAuts
  Bailey: 662 daAuts
     D:4: 625 daAuts
    D:12: 143 daAuts
   IceCv: 119 daAuts
